 Dungeon Crawl Stone Soup version 0.25-a0-713-g4845790874 (webtiles) character file.

Game seed: 1876966632029701794, levelgen mode: deterministic

762 sanka the Digger (level 7, 30/30 HPs)
             Began as a Felid Wanderer on Apr 5, 2020.
             Was an Initiate of Okawaru.
             Quit the game on level 7 of the Dungeon.
             The game lasted 00:17:36 (10387 turns).

sanka the Digger (Felid Wanderer)                  Turns: 10387, Time: 00:17:37

Health: 30/30      AC:  2    Str: 11    XL:     7   Next: 51%
Magic:  14/14      EV: 15    Int: 10    God:    Okawaru [......]
Gold:   223        SH:  0    Dex: 18    Spells: 10/14 levels left
                                        Lives:  1   Deaths: 1

rFire    . . .     SeeInvis +     - Unarmed
rCold    . . .     Gourm    .   (shield unavailable)
rNeg     . . .     Faith    .   (armour unavailable)
rPois    .         Spirit   .   (helmet unavailable)
rElec    .         Reflect  .   (cloak unavailable)
rCorr    +         Harm     .   (gloves unavailable)
MR       +....                  (boots unavailable)
Stlth    ++++......             (no amulet)
HPRegen  0.10/turn              i - ring of stealth
MPRegen  0.14/turn              a - ring of resist corrosion

@: quick
A: very small, no armour, no weapons or thrown items, stealth, claws 1, fangs 3,
see invisible, carnivore, speed 1, shaggy fur 2, slow metabolism 1, sharp paws
a: Renounce Religion


You were on level 7 of the Dungeon.
You worshipped Okawaru.
Okawaru was noncommittal.
You were not hungry.

You visited 2 branches of the dungeon, and saw 8 of its levels.

You collected 223 gold pieces.


Innate Abilities, Weirdness & Mutations

You cannot wear armour.
You are incapable of wielding weapons or throwing items.
Your paws allow you to move quietly. (Stealth)
You have sharp claws.
You have razor-sharp teeth.
You have supernaturally acute eyesight. (SInv)
You are carnivorous and can eat meat at any time.
You cover ground quickly.
You are covered in thick fur. (AC +2)
You have a slow metabolism.
Your sharp claws are effective at attacking unaware monsters.


   Skills:
 - Level 2.0 Fighting
 - Level 2.6 Stealth
 - Level 2.0 Unarmed Combat
 + Level 4.4 Spellcasting
 + Level 2.7 Conjurations
   Level 3.0 Necromancy
 + Level 7.9 Earth Magic
   Level 1.0 Poison Magic


You had 10 spell levels left.
You knew the following spells:

 Your Spells              Type           Power        Failure   Level  Hunger
x - Stone Arrow           Conj/Erth      ##....       9%          3    ###....
z - Sandblast             Erth           ###...       1%          1    #......

Your spell library contained the following spells:

 Spells                   Type           Power        Failure   Level  Hunger


Inventory:

Missiles
 h - 48 stones
Jewellery
 a - a ring of resist corrosion (right paw)
 i - a ring of stealth (left paw)
Scrolls
 b - 4 scrolls of fear
 c - a scroll of random uselessness {unknown}
 d - a scroll of holy word {unknown}
 g - a scroll of immolation {unknown}
 l - a scroll of blinking {unknown}
 m - a scroll of enchant armour {unknown}
 n - 2 scrolls of remove curse
 o - a scroll of identify {@r1}
 p - a scroll of teleportation {@r4}
 q - a scroll of amnesia {unknown}
 s - a scroll of noise {unknown}
Potions
 e - 2 potions of flight {unknown}
 k - 2 potions of haste {@q3}
Comestibles
 f - 7 rations

Dungeon Overview and Level Annotations

Branches:
Dungeon (7/15)             Temple (1/1) D:6

Altars:
Ashenzari
Cheibriados
Dithmenos
Elyvilon
Fedhas
Gozag
Hepliaklqana
Makhleb
Nemelex Xobeh
Okawaru
Qazlal
Sif Muna
Uskayaw
Wu Jian
Xom
Zin
The Shining One

Annotations:
D:7 1 transporter

.......▒▒▒▒..▒
.........▒...▒
.....£.......▒▒
..............▒
...............
.©.............
▒▒▒▒▒..........
.©.8▒..h.......
.£.P▒..........
▒+▒▒▒..........
...≈▒..........
...≈▒..........
▒
...≈▒..........
..
.♣.;▒..▒.......
... ..≈▒..
....... ...


You could see an electric eel (sleeping).


Message History

* * * LOW HITPOINT WARNING * * *
The orc wizard closely misses you.
Aiming: Sandblast (safe; 1% risk of failure)
Aim: an orc wizard, wielding a -2 dagger and wearing a +0 robe (heavily wounded, slightly transparent)
The blast of sand hits the orc wizard!
You kill the orc wizard!
Okawaru accepts your kill.
h - 50 stones The adder barely misses you.
Aiming: Sandblast (safe; 1% risk of failure)
Aim: an adder The blast of sand hits the adder!
The adder is severely wounded.
h - 49 stones The adder barely misses you.
Aiming: Sandblast (safe; 1% risk of failure)
Aim: an adder (severely wounded)
The blast of sand misses the adder.
h - 48 stones The adder bites you.
* * * LOW HITPOINT WARNING * * *
You are lethally poisoned!
The adder poisons you! The adder bites you.
You die...
You are now level 7!
You rejoin the land of the living...
Found 32 gold pieces.
Unknown command.
Are you sure you want to abandon this character and quit the game? (Confirm with "yes".)

Action                   |  1- 3 |  4- 6 |  7- 9 || total
-------------------------+-------+-------+-------++-------
Melee: Unarmed           |   102 |   111 |    58 ||   271
       Bite              |    14 |    10 |     4 ||    28
       Punch             |     1 |       |       ||     1
 Cast: Sandblast         |       |    56 |    23 ||    79
       Stone Arrow       |       |     2 |    37 ||    39
  Use: Potion            |     1 |     3 |       ||     4
       Scroll            |       |     6 |     1 ||     7
 Stab: Sleeping          |    13 |     6 |     4 ||    23
       Distracted        |     2 |     1 |     2 ||     5
  Eat: Chunk             |    11 |     9 |    12 ||    32
Armor: Skin              |     4 |    29 |     6 ||    39
Dodge: Dodged            |    63 |    59 |    48 ||   170

Levels and vault maps discovered:
D:1:      matt_arrival_grand_opening, layout_basic, hangedman_decor_push,
          serial_park_tiny_2
D:2:      layout_basic, ashenzari_altar_1, kennysheep_big_empty_room,
          serial_bayou_pond_d
D:3:      layout_basic, old_standard_altar, marbit_many_paths, tso_altar,
          first_ration
D:4:      layout_basic, elyvilon_altar_5
D:5:      layout_cave_pods, nicolae_qazlal_general_emergency, hex_medium,
          uniq_eustachio
D:6:      layout_gridville, minmay_temple_entry_water_ring, portal_sewer_entry_d
D:7:      gammafunk_steamed_eel, layout_layer_cave, lemuel_crystal_altar,
          kennysheep_little_box, trog_ov_bears_minmay, kennysheep_generic_room_3
Temple:   minmay_temple_curvy_loop

Notes
Turn   | Place    | Note
-------+----------+-------------------------------------------
     0 | D:1      | sanka the Felid Wanderer began the quest for the Orb.
     0 | D:1      | sanka set off with the following items: a potion of berserk
                  | rage {!q}, a scroll of fear, a potion of lignification
                  | {!q}, a ration; and the following spell memorised:
                  | Sandblast; and the following spells available to memorise:
                  | Stone Arrow
     0 | D:1      | Reached XP level 1. HP: 9/9 MP: 3/3
   121 | D:1      | Reached XP level 2. HP: 13/13 MP: 4/4
   171 | D:1      | Reached skill level 2 in Fighting
   581 | D:1      | Reached skill level 1 in Earth Magic
   859 | D:2      | Found a shattered altar of Ashenzari.
  1142 | D:2      | Noticed an ice beast
  1731 | D:2      | Reached XP level 3. HP: 16/16 MP: 5/5
  2228 | D:3      | Reached skill level 2 in Earth Magic
  2234 | D:3      | Found a glowing golden altar of the Shining One.
  2493 | D:3      | Found a shimmering altar of Xom.
  2767 | D:3      | Found an ornate altar of the Wu Jian Council.
  2928 | D:3      | Learned a level 3 spell: Stone Arrow
  3114 | D:4      | HP: 1/24 [hound (3)]
  3116 | D:4      | Reached skill level 3 in Earth Magic
  3116 | D:4      | Reached XP level 4. HP: 2/19 MP: 6/6
  4204 | D:4      | Found a white marble altar of Elyvilon.
  4435 | D:4      | Reached XP level 5. HP: 15/22 MP: 7/7
  4767 | D:4      | Reached skill level 4 in Earth Magic
  5234 | D:4      | HP: 2/22 [poisoned by a worker ant]
  5732 | D:5      | Entered Level 5 of the Dungeon
  5754 | D:4      | Reached skill level 5 in Earth Magic
  5993 | D:5      | Found a stormy altar of Qazlal.
  6185 | D:5      | Gained mutation: You are covered in thick fur. (AC +2)
                  | [Felid growth]
  6185 | D:5      | Reached XP level 6. HP: 26/26 MP: 8/8
  6490 | D:5      | Reached skill level 1 in Conjurations
  6725 | D:5      | Noticed Eustachio
  6736 | D:5      | HP: 2/26 [Eustachio/+2 rapier of flaming (2)]
  7125 | D:4      | Killed Eustachio
  7125 | D:4      | Reached skill level 2 in Spellcasting
  7125 | D:4      | Reached skill level 2 in Conjurations
  7125 | D:4      | Reached XP level 7. HP: 9/30 MP: 5/11
  7665 | D:5      | Reached skill level 3 in Spellcasting
  7868 | D:5      | Reached skill level 6 in Earth Magic
  8874 | D:6      | Reached skill level 4 in Spellcasting
  8959 | D:6      | Reached XP level 8. HP: 17/33 MP: 2/15
  9133 | D:6      | Reached skill level 7 in Earth Magic
  9255 | D:6      | Found a staircase to the Ecumenical Temple.
  9264 | Temple   | Entered the Ecumenical Temple
  9355 | Temple   | Became a worshipper of Warmaster Okawaru
 10386 | D:7      | HP: 3/33 [adder (1)]
 10386 | D:7      | Slain by an adder
 10387 | D:7      | Reached XP level 7. HP: -1/30 MP: 0/14
 10387 | D:7      | Found a transporter.
 10387 | D:7      | Quit the game

Vanquished Creatures
  Eustachio (D:4)
  An orc warrior (D:7)
  A sky beast (D:6)
  4 ogres
  2 centaurs
  A bullfrog (D:6)
  2 scorpions
  2 crimson imps
  A bullfrog zombie (D:6)
  3 hounds
  An orc priest (D:4)
  2 iguanas
  An orc wizard (D:7)
  2 worker ants
  9 adders
  A shadow imp (D:6)
  3 worms
  2 leopard geckos
  15 orcs
  4 giant cockroaches
  2 goblins (D:3)
  5 hobgoblins
  4 jackals
  2 quokkas
  A ball python (D:1)
  6 bats
  5 frilled lizards
  A giant cockroach zombie (D:5)
  2 jackal skeletons (D:5)
  5 kobolds
  4 rats (D:1)
95 creatures vanquished.
